[Event "Titled Tuesday Blitz January 18 2022"]
[White "Claridge-Hansen, William"]
[Black "Kalashian, David"]
[WhiteFideId "422509"]
[BlackFideId "13302418"]
[WhiteElo "2261"]
[BlackElo "2490"]
[Result "0-1"]
[Round "02"]
[TimeControl "180+1"]
[Date "2022.01.18"]
[WhiteClock "0:00:10"]
[BlackClock "0:01:36"]

1. c4 Nf6 2. g3 e6 3. Bg2 d5 4. Nf3 Be7 5. O-O O-O 6. b3 c5 7. cxd5 exd5 8. d4 Nc6 9. Bb2 Re8 10. Nc3 Bg4 11. dxc5 Bxc5 12. Rc1 a6 13. h3 Bh5 14. g4 Bg6 15. g5 Ne4 16. Nxe4 dxe4 17. Rxc5 exf3 18. Bxf3 Qe7 19. Rd5 Rad8 20. Qd2 Rxd5 21. Qxd5 Rd8 22. Qc4 Qxg5+ 23. Kh1 Ne5 24. Bxe5 Qxe5 25. Bxb7 a5 26. Bf3 h6 27. Rg1 Kh7 28. Qg4 Rd2 29. a3 Rb2 30. b4 axb4 31. axb4 Qd6 32. Be4 Rxb4 33. Bxg6+ fxg6 34. Qg3 Qf6 35. Rg2 h5 36. Qd3 Rh4 37. Kh2 Rd4 38. Qg3 h4 39. Qe3 Qd6+ 40. Kh1 Qd5 41. Qf3 Rd1+ 42. Rg1 Rxg1+ 43. Kxg1 Qxf3 44. exf3 g5 45. Kf1 Kg6 46. Ke2 Kf5 47. Kd3 Kf4 48. Ke2 g6 49. Ke1 Kxf3 50. Kf1 g4 51. hxg4 Kxg4 52. Kg2 g5 53. f3+ Kf4 54. Kf2 h3 55. Kg1 Kxf3 56. Kh2 g4 57. Kg1 g3 58. Kh1 Ke2 59. Kg1 g2 60. Kh2 Kf2 61. Kxh3 g1=Q 62. Kh4 Qg6 63. Kh3 Qg3# 0-1


[Site "https://www.chess.com"]

[Event "Titled Tuesday Blitz January 18 2022"]
[White "Concio, Michael Jr."]
[Black "Kahlert, Thomas"]
[WhiteFideId "5217873"]
[BlackFideId "4625242"]
[WhiteElo "1896"]
[BlackElo "2228"]
[Result "1/2-1/2"]
[Round "02"]
[TimeControl "180+1"]
[Date "2022.01.18"]
[WhiteClock "0:00:06"]
[BlackClock "0:00:20"]

1. e4 e5 2. Nf3 Nc6 3. Nc3 Nf6 4. Be2 d5 5. exd5 Nxd5 6. O-O Nxc3 7. bxc3 Bd6 8. h3 O-O 9. Bb2 Bf5 10. d3 e4 11. Nd2 exd3 12. cxd3 Qh4 13. Nf3 Qf6 14. Qd2 Rfe8 15. d4 Rad8 16. Rfe1 Be4 17. Qg5 Qf4 18. Qxf4 Bxf4 19. g3 Bd6 20. Nd2 Bf5 21. Kg2 h6 22. Bf3 Bd7 23. Nc4 Bf8 24. Ne3 b6 25. Nd5 Bd6 26. Ne3 Kf8 27. Re2 Na5 28. c4 Be6 29. Rc1 Be7 30. Nd5 Bxd5 31. Bxd5 Bg5 32. Rxe8+ Rxe8 33. Rc2 c6 34. Bf3 Bf6 35. Ba3+ Be7 36. Bc1 Bf6 37. Be3 Rd8 38. d5 c5 39. Bf4 Be7 40. g4 Bd6 41. Bd2 Nb7 42. h4 Be5 43. g5 hxg5 44. hxg5 Nd6 45. Be2 Ke7 46. Bd3 Rh8 47. f4 Bd4 48. Bc1 g6 49. Re2+ Kd7 50. Bb2 Bxb2 51. Rxb2 Rh4 52. Rf2 Ke7 53. Re2+ Kd7 54. Rf2 Ke7 55. Re2+ Kd7 56. Kg3 Rh1 57. Rh2 Rxh2 58. Kxh2 Ke7 59. Kg3 Kd7 60. a4 a5 61. Kf3 Ke7 62. Kg4 Kd7 63. f5 gxf5+ 64. Bxf5+ Ke7 65. Bd3 Kf8 66. Kf4 Ke7 67. Ke5 Ne8 68. Be2 Nd6 69. Bd3 Ne8 70. Kf5 Nd6+ 71. Kg4 Ne8 72. Kh5 Nd6 73. Kh6 Ne8 74. Kh7 Nd6 75. Kh6 Ne8 76. Kh5 Nd6 77. Kg4 1/2-1/2


[Site "https://www.chess.com"]

[Event "Titled Tuesday Blitz January 18 2022"]
[White "Cori T., Deysi"]
[Black "Grigorjev, Iljya"]
[WhiteFideId "3801934"]
[BlackFideId "24159565"]
[WhiteElo "2350"]
[BlackElo "2124"]
[Result "1-0"]
[Round "02"]
[TimeControl "180+1"]
[Date "2022.01.18"]
[WhiteClock "0:00:04"]
[BlackClock "0:00:01"]

1. d4 Nf6 2. Nf3 g6 3. g3 Bg7 4. Bg2 O-O 5. O-O d5 6. c4 c6 7. cxd5 cxd5 8. Ne5 Nc6 9. Nc3 e6 10. Nxc6 bxc6 11. Na4 Nd7 12. Be3 Ba6 13. Rc1 Bb5 14. Nc3 Ba6 15. Na4 Bb5 16. Nc3 a5 17. Nxb5 cxb5 18. Rc6 Rc8 19. Qc2 Nb8 20. Rxc8 Qxc8 21. Rc1 Qa6 22. f3 b4 23. Bf2 Nd7 24. Qc6 Qxc6 25. Rxc6 Rb8 26. b3 a4 27. e3 axb3 28. axb3 Ra8 29. Rc7 Nf6 30. Rb7 Bf8 31. g4 Ra3 32. Bh4 Kg7 33. g5 Nh5 34. Bh3 Rxb3 35. Bxe6 Kh8 36. Rxf7 Bg7 37. Rd7 Bf8 38. Rf7 Bg7 39. Bxd5 Rxe3 40. Bf2 Re8 41. Rb7 Nf4 42. Be4 Ne2+ 43. Kg2 Nxd4 44. Rxg7 Kxg7 45. Bxd4+ Kf8 46. Bc5+ Kg7 47. Bxb4 Rb8 48. Bc3+ Kf8 49. Be5 Rb5 50. Bd6+ Kg7 51. h4 Rb2+ 52. Kg3 Rb5 53. Be7 Kf7 54. Bd6 Ra5 55. Kf4 Rb5 56. Ke3 Ke6 57. Bf4 Rb3+ 58. Kf2 Rb2+ 59. Kg3 Ra2 60. h5 gxh5 61. Bxh7 Ra4 62. Be4 Kf7 63. Kh4 Ra1 64. Kxh5 Rh1+ 65. Kg4 Rg1+ 66. Kf5 Ra1 67. g6+ Kf8 68. Bd6+ Ke8 69. Bc6+ Kd8 70. g7 Rg1 71. Bf8 Kc7 72. Bd5 1-0


[Site "https://www.chess.com"]

[Event "Titled Tuesday Blitz January 18 2022"]
[White "Corrales Jimenez, Fidel"]
[Black "Tsyhanchuk, Stanislav"]
[WhiteFideId "3506690"]
[BlackFideId "13505130"]
[WhiteElo "2541"]
[BlackElo "2078"]
[Result "0-1"]
[Round "02"]
[TimeControl "180+1"]
[Date "2022.01.18"]
[WhiteClock "0:00:08"]
[BlackClock "0:00:08"]

1. d4 Nf6 2. Nf3 e6 3. c4 Nc6 4. a3 d6 5. g3 g6 6. Bg2 Bg7 7. O-O O-O 8. Nc3 Re8 9. e4 e5 10. d5 Nd4 11. Qd3 c5 12. dxc6 bxc6 13. Bg5 h6 14. Bxf6 Qxf6 15. Nxd4 exd4 16. Ne2 c5 17. Nf4 Be6 18. b4 Rab8 19. b5 g5 20. Nxe6 Qxe6 21. a4 a5 22. bxa6 Rb6 23. Rfb1 Rxa6 24. a5 Be5 25. Rb6 Rea8 26. Rxa6 Rxa6 27. Ra2 Kg7 28. Qb3 Qc8 29. Bf1 Qa8 30. Qb5 h5 31. Bd3 h4 32. Kg2 Bf6 33. f4 gxf4 34. gxf4 Bd8 35. Kf3 Qc8 36. Rg2+ Kf8 37. Rg4 Rxa5 38. Qb2 Qa8 39. Qg2 Ra3 40. Rg8+ Ke7 41. Qg5+ Kd7 42. Qf5+ Kc7 43. Qxf7+ Kb6 44. Qd7 Rxd3+ 45. Kg4 Qxe4 46. Qb5+ Kc7 47. Rg7+ Be7 48. Qa5+ Kd7 49. Qa7+ Ke8 50. Qb8+ Bd8 51. Rg8+ Kf7 52. Rf8+ Kxf8 53. Qxd8+ Kf7 54. Qd7+ Kf8 55. Qd8+ Qe8 56. Qf6+ Kg8 57. Qg5+ Kh7 58. Qxh4+ Kg7 59. Qf2 Qg6+ 60. Kh4 Qh6+ 61. Kg4 Qh3+ 62. Kg5 Re3 63. f5 Qh6+ 64. Kg4 Re4+ 65. Kg3 Qh4+ 66. Kf3 Qxf2+ 67. Kxf2 Rf4+ 68. Kg3 Rxf5 69. Kg4 Kg6 70. h4 Rh5 0-1


[Site "https://www.chess.com"]

[Event "Titled Tuesday Blitz January 18 2022"]
[White "Coto Mederos, Michel"]
[Black "Kovalev, Vladislav"]
[WhiteFideId "3508528"]
[BlackFideId "13504398"]
[WhiteElo "2427"]
[BlackElo "2530"]
[Result "0-1"]
[Round "02"]
[TimeControl "180+1"]
[Date "2022.01.18"]
[WhiteClock "0:00:12"]
[BlackClock "0:00:20"]

1. d4 Nf6 2. Bg5 c5 3. Bxf6 gxf6 4. d5 Qb6 5. Nd2 Qxb2 6. e4 Bh6 7. Ngf3 d6 8. Rb1 Qc3 9. Bb5+ Kf8 10. O-O a6 11. Bd3 b5 12. Rb3 Qa5 13. c4 b4 14. Bb1 Qc7 15. Nh4 Rg8 16. f4 Rg4 17. Nf5 Bxf5 18. exf5 Rxf4 19. Rxf4 Bxf4 20. Ne4 Nd7 21. Qh5 h6 22. Qg4 Bg5 23. h4 Ne5 24. Qd1 Bxh4 25. Rh3 Bg5 26. Nxg5 fxg5 27. Rxh6 Kg7 28. Qh5 Rg8 29. Qxg5+ Kf8 30. Qh5 f6 31. Rh8 Nf7 32. Rxg8+ Kxg8 33. Qg6+ Kf8 34. Bc2 Qa5 35. Bd1 b3 36. Bh5 Qe1+ 37. Kh2 Qh4+ 38. Kg1 Qe1+ 39. Kh2 Ne5 40. Qe8+ Kg7 41. Qxe7+ Kh6 42. Qxf6+ Kxh5 43. Qh8+ Kg5 44. Qg7+ Kxf5 45. Qh7+ Ng6 46. Qf7+ Kg5 47. axb3 Qe5+ 48. Kg1 a5 49. Qf3 Qe1+ 50. Kh2 Qh4+ 51. Kg1 Qd4+ 52. Kh1 Qf4 53. Qe2 Ne5 54. Kg1 Kf5 55. Qh5+ Ke4 56. Qh7+ Kd4 57. Qc2 Nd3 58. Qe2 Qe3+ 59. Qxe3+ Kxe3 60. g4 Kf4 61. Kf1 Kxg4 62. Ke2 Nc1+ 63. Kd2 Nxb3+ 64. Kc3 Nd4 65. Kb2 Kf4 66. Ka3 Ke5 67. Ka4 Nb3 68. Kxb3 Kd4 69. Ka4 Kxc4 70. Kxa5 Kxd5 71. Ka4 Kd4 72. Kb3 c4+ 73. Kc2 d5 74. Kc1 Kc5 0-1


[Site "https://www.chess.com"]

[Event "Titled Tuesday Blitz January 18 2022"]
[White "Danielian, Vardan"]
[Black "Talibov, Shiroghlan"]
[WhiteFideId "13301594"]
[BlackFideId "13429078"]
[WhiteElo "2521"]
[BlackElo "2070"]
[Result "0-1"]
[Round "02"]
[TimeControl "180+1"]
[Date "2022.01.18"]
[WhiteClock "0:00:08"]
[BlackClock "0:00:06"]

1. Nf3 d5 2. d4 Nf6 3. c4 dxc4 4. e3 a6 5. Bxc4 b5 6. Bb3 e6 7. O-O Bb7 8. Nc3 Nbd7 9. Qe2 c5 10. Rd1 cxd4 11. exd4 Nb6 12. Bg5 Nbd5 13. Ne4 Be7 14. Nc5 Qb6 15. Ne5 Rd8 16. a4 O-O 17. a5 Qa7 18. Rac1 Ba8 19. Rd3 h6 20. Bxh6 gxh6 21. Rg3+ Kh8 22. Nxe6 fxe6 23. Ng6+ Kg7 24. Nxe7+ Kf7 25. Ng6 Rg8 26. Ne5+ Ke7 27. Qd2 Rxg3 28. hxg3 Rg8 29. Rc6 Qb8 30. Qxh6 Qe8 31. Qc1 Bxc6 32. Nxc6+ Kf7 33. Ne5+ Kg7 34. Qg5+ Kf8 35. Qh6+ Ke7 36. g4 Qc8 37. g3 Qc7 38. Kg2 Qc8 39. g5 Nd7 40. Qh7+ Kd6 41. Nf7+ Kc7 42. Ne5 Kd6 43. Bxd5 exd5 44. Nf7+ Kc7 45. Ne5 Rh8 46. Qe7 Rd8 47. Qb4 Kb8 48. Qc3 Qxc3 49. bxc3 Nxe5 50. dxe5 d4 51. f4 dxc3 52. e6 c2 53. e7 Re8 54. f5 c1=Q 55. f6 Qe3 56. f7 Qxe7 57. g6 Rf8 0-1


[Site "https://www.chess.com"]

[Event "Titled Tuesday Blitz January 18 2022"]
[White "De Silva, L M S T"]
[Black "Sebag, Marie"]
[WhiteFideId "9953698"]
[BlackFideId "617822"]
[WhiteElo "1631"]
[BlackElo "2482"]
[Result "1-0"]
[Round "02"]
[TimeControl "180+1"]
[Date "2022.01.18"]
[WhiteClock "0:02:20"]
[BlackClock "0:00:18"]

1. e4 c6 2. d4 d5 3. Nc3 dxe4 4. Nxe4 Nf6 5. Nxf6+ exf6 6. c3 Bd6 7. Bd3 O-O 8. Ne2 Qc7 9. Qc2 h5 10. h3 Re8 11. O-O h4 12. Bd2 Be6 13. c4 Qd8 14. f4 Na6 15. a3 Bc5 16. dxc5 Nxc5 17. Bh7+ Kh8 18. b4 Nb3 19. Qxb3 Qxd2 20. Bd3 Rad8 21. Rf3 Bf5 22. Rd1 Rxd3 23. Rxd2 Rxb3 24. Rxb3 1-0


[Site "https://www.chess.com"]

[Event "Titled Tuesday Blitz January 18 2022"]
[White "Devaev, Alexander"]
[Black "Pakleza, Zbigniew"]
[WhiteFideId "4169395"]
[BlackFideId "1119290"]
[WhiteElo "2185"]
[BlackElo "2467"]
[Result "0-1"]
[Round "02"]
[TimeControl "180+1"]
[Date "2022.01.18"]
[WhiteClock "0:00:01"]
[BlackClock "0:00:39"]

1. d4 d6 2. c4 e5 3. d5 Be7 4. Nc3 f5 5. e4 fxe4 6. Nge2 Nf6 7. Ng3 O-O 8. Ngxe4 Nxe4 9. Nxe4 Nd7 10. Bd3 Nf6 11. Ng3 c6 12. O-O cxd5 13. cxd5 Kh8 14. Bf5 Qa5 15. Bg5 Qxd5 16. Bxc8 Qxd1 17. Raxd1 Rfxc8 18. Nf5 Bf8 19. Nxd6 Rc2 20. Nf7+ Kg8 21. Nxe5 Rxb2 22. a4 b5 23. axb5 Rxb5 24. f4 a5 25. Ra1 Ne4 26. Bh4 Bc5+ 0-1


[Site "https://www.chess.com"]

[Event "Titled Tuesday Blitz January 18 2022"]
[White "Djordjevic, Vuk"]
[Black "Mickiewicz, Piotr"]
[WhiteFideId "902098"]
[BlackFideId "1114891"]
[WhiteElo "2463"]
[BlackElo "2266"]
[Result "1-0"]
[Round "02"]
[TimeControl "180+1"]
[Date "2022.01.18"]
[WhiteClock "0:00:06"]
[BlackClock "0:00:03"]

1. d4 e6 2. Bf4 Nf6 3. e3 b6 4. h3 Bb7 5. Nf3 Be7 6. c4 O-O 7. Nc3 d6 8. Be2 Nbd7 9. O-O a6 10. d5 e5 11. Bh2 Ne8 12. e4 g6 13. Ne1 Ng7 14. f4 exf4 15. Bxf4 Bf6 16. Qd2 Qe7 17. Bh6 Nc5 18. Nd3 Rae8 19. Rae1 Bd4+ 20. Kh1 f5 21. Bxg7 Qxg7 22. exf5 Bxc3 23. Qxc3 Qxc3 24. bxc3 Rxe2 25. Rxe2 Nxd3 26. Re7 Rf7 27. Re8+ Kg7 28. g4 b5 29. Rb8 Nc5 30. h4 bxc4 31. Kh2 Bxd5 32. Re8 gxf5 33. gxf5 Kf6 34. Kg3 Rg7+ 35. Kf4 Nd3+ 36. Ke3 c5 37. Rd8 Rg3+ 38. Kd2 Ke7 39. Rh8 Rg2+ 40. Ke3 Ne5 41. Rxh7+ Kf6 42. Rh6+ Ke7 43. f6+ Kd7 44. Rh7+ Bf7 45. h5 Ke6 46. h6 Rh2 47. Rh8 Rxh6 48. Rxh6 Ng4+ 49. Kf4 Nxh6 50. Kg5 Ng8 51. Re1+ Kd7 52. Rb1 1-0


[Site "https://www.chess.com"]

[Event "Titled Tuesday Blitz January 18 2022"]
[White "Ekdyshman, Mikhail"]
[Black "Nenezic, Marko"]
[WhiteFideId "4149416"]
[BlackFideId "912123"]
[WhiteElo "2156"]
[BlackElo "2484"]
[Result "0-1"]
[Round "02"]
[TimeControl "180+1"]
[Date "2022.01.18"]
[WhiteClock "0:00:07"]
[BlackClock "0:00:10"]

1. e4 c5 2. Nf3 Nc6 3. d4 cxd4 4. Nxd4 Nf6 5. Nc3 e5 6. Ndb5 d6 7. Bg5 a6 8. Na3 b5 9. Nd5 Be7 10. Bxf6 Bxf6 11. c3 Ne7 12. Nc2 Bb7 13. Nce3 Nxd5 14. Nxd5 Bg5 15. g3 O-O 16. Bg2 g6 17. h4 Bh6 18. h5 Kg7 19. hxg6 hxg6 20. Qg4 a5 21. O-O Bc8 22. Qe2 Rb8 23. a4 bxa4 24. Rxa4 Bd7 25. Ra3 a4 26. c4 Qa5 27. Rd1 Rb7 28. b4 Qd8 29. b5 Ra7 30. Rda1 Qa8 31. Nb6 Qb7 32. Nxa4 Rfa8 33. Qd1 Qb8 34. Qb3 Be6 35. Nb2 Rxa3 36. Rxa3 Rxa3 37. Qxa3 Bc1 38. Qb4 Bg5 39. Nd3 Bd8 40. c5 dxc5 41. Nxc5 Bc8 42. Bf1 Bb6 43. Nd3 Bd4 44. Qc4 Bd7 45. Nc5 Be8 46. Nb3 Bb6 47. Qd5 f6 48. Qc4 Bf7 49. Qb4 Qc7 50. Nd2 Qc2 51. Bg2 Bd4 52. Bf1 Bc3 53. Qc4 Qxd2 54. Qd3 Qxd3 55. Bxd3 Bd4 56. Kf1 Kf8 57. Ke2 Ke7 58. f4 Kd6 59. Kf3 Be6 60. f5 gxf5 61. exf5 Bd5+ 62. Kg4 Kc5 63. Kh5 e4 64. Be2 Bc4 65. Bd1 e3 66. g4 e2 67. Bxe2 Bxe2 68. b6 Kxb6 69. Kh4 Be3 70. Kh5 Bg5 71. Kg6 Bxg4 0-1


[Site "https://www.chess.com"]

[Event "Titled Tuesday Blitz January 18 2022"]
[White "Evdokimov, Alexander A."]
[Black "Harshavardhan G B"]
[WhiteFideId "4139275"]
[BlackFideId "25059009"]
[WhiteElo "2444"]
[BlackElo "1831"]
[Result "1-0"]
[Round "02"]
[TimeControl "180+1"]
[Date "2022.01.18"]
[WhiteClock "0:01:16"]
[BlackClock "0:01:32"]

1. Nf3 Nf6 2. g3 g6 3. Bg2 Bg7 4. O-O O-O 5. c4 d6 6. Nc3 Nbd7 7. d4 e5 8. h3 Re8 9. e4 exd4 10. Nxd4 Nc5 11. Re1 Bd7 12. Rb1 Qc8 13. Kh2 Re5 14. b4 Na6 15. Nde2 Rh5 16. Nf4 Rh6 17. Ncd5 Kh8 18. Nxf6 Bxf6 19. Nd5 Bg4 20. Qd3 g5 21. Nxf6 Bxh3 22. Bb2 Kg7 23. Ng4+ Kf8 24. Nxh6 Bxg2 25. Kxg2 Qe6 26. Nf5 Nxb4 27. Qc3 1-0


[Site "https://www.chess.com"]

[Event "Titled Tuesday Blitz January 18 2022"]
[White "Farahat, Ali"]
[Black "Kukhmazov, Arsen"]
[WhiteFideId "10600507"]
[BlackFideId "24108260"]
[WhiteElo "2321"]
[BlackElo "2487"]
[Result "0-1"]
[Round "02"]
[TimeControl "180+1"]
[Date "2022.01.18"]
[WhiteClock "0:00:31"]
[BlackClock "0:00:30"]

1. e4 c6 2. d4 d5 3. Nd2 dxe4 4. Nxe4 Bf5 5. Ng3 Bg6 6. h4 h6 7. Nf3 e6 8. Ne5 Bh7 9. Qh5 Qc7 10. Bf4 Nf6 11. Qf3 Bd6 12. O-O-O Nbd7 13. Kb1 Nxe5 14. dxe5 Bxe5 15. Bxe5 Qxe5 16. Bd3 O-O-O 17. Bxh7 Rxd1+ 18. Rxd1 Rxh7 19. Qa3 Rh8 20. Qxa7 Qb8 21. Qd4 Qc7 22. Ne4 Nxe4 23. Qxe4 Rd8 24. Rxd8+ Qxd8 25. Kc1 h5 26. c4 Qf6 27. f3 g5 28. hxg5 Qxg5+ 29. f4 Qg3 30. Kc2 h4 31. b4 Qf2+ 32. Kb3 Qg3+ 33. Ka4 Qc3 34. c5 Qd2 35. a3 Kb8 36. Qe5+ Ka7 37. Qc7 Qd3 38. Qa5+ Kb8 39. Qb6 f6 40. b5 Qc2+ 41. Kb4 Qd2+ 42. Ka4 Qxf4+ 43. Kb3 Qe3+ 44. Kc2 Qe2+ 45. Kc3 Qxb5 46. Qd8+ Ka7 47. Qxf6 Qxc5+ 48. Kb3 Qe3+ 49. Kb4 Qe4+ 50. Kc3 e5 51. Qf2+ Qd4+ 52. Qxd4+ exd4+ 53. Kxd4 Ka6 54. Kc5 Ka5 55. Kd6 Ka4 0-1


[Site "https://www.chess.com"]

[Event "Titled Tuesday Blitz January 18 2022"]
[White "Girya, Olga"]
[Black "Willow, Jonah B"]
[WhiteFideId "4195752"]
[BlackFideId "438804"]
[WhiteElo "2275"]
[BlackElo "2261"]
[Result "1-0"]
[Round "02"]
[TimeControl "180+1"]
[Date "2022.01.18"]
[WhiteClock "0:01:38"]
[BlackClock "0:01:34"]

1. d4 Nf6 2. Nf3 e6 3. c4 c5 4. d5 exd5 5. cxd5 d6 6. e4 g6 7. Bd3 Bg7 8. O-O a6 9. h3 b5 10. a4 c4 11. Bc2 Bb7 12. axb5 axb5 13. Rxa8 Bxa8 14. Nd4 O-O 15. Nxb5 Re8 16. N1c3 Qe7 17. Bf4 Rd8 18. Re1 Ne8 19. Bg3 Nd7 20. Nd4 Rb8 21. Nc6 Bxc6 22. dxc6 Ndf6 23. e5 dxe5 24. Bxe5 Rc8 25. Bxf6 Qxf6 26. Nd5 Qd8 27. Ne7+ Kh8 28. Nxc8 Qxc8 29. Qd7 1-0


[Site "https://www.chess.com"]

[Event "Titled Tuesday Blitz January 18 2022"]
[White "Gubajdullin, Alexei"]
[Black "Belous, Vladimir"]
[WhiteFideId "4141202"]
[BlackFideId "4174003"]
[WhiteElo "2268"]
[BlackElo "2534"]
[Result "1-0"]
[Round "02"]
[TimeControl "180+1"]
[Date "2022.01.18"]
[WhiteClock "0:00:18"]
[BlackClock "0:00:30"]

1. d4 c5 2. e3 g6 3. Nf3 Bg7 4. dxc5 Na6 5. c4 Nxc5 6. Be2 Nf6 7. O-O O-O 8. Nc3 b6 9. Nd4 Bb7 10. Bf3 Bxf3 11. Qxf3 Rc8 12. b3 e5 13. Ndb5 a6 14. Nd6 Rc6 15. Nde4 Nfxe4 16. Nxe4 d5 17. Nxc5 e4 18. Nxe4 dxe4 19. Qxe4 Re6 20. Qb1 Bxa1 21. Qxa1 Qd3 22. Bb2 Rd8 23. Bh8 f6 24. Bxf6 Rf8 25. Bd4 h5 26. h3 Kh7 27. Qc1 Qe4 28. Bb2 Qd3 29. Ba1 Re7 30. Rd1 Qf5 31. Qb2 Ref7 32. Rd2 h4 33. Qd4 g5 34. Bc3 Kg6 35. Qxb6+ Kh5 36. Qd4 Qb1+ 37. Kh2 Qf5 38. f3 Qe6 39. Qg4+ Qxg4 40. hxg4+ Kg6 41. Rd6+ Kh7 42. Rxa6 Rd7 43. Bd4 Rc8 44. c5 Rd5 45. c6 Rd6 46. Ra7+ Kg6 47. c7 Rc6 48. Be5 Re8 49. f4 gxf4 50. exf4 Rc2 51. Ra4 1-0


[Site "https://www.chess.com"]

[Event "Titled Tuesday Blitz January 18 2022"]
[White "Guliev, Logman"]
[Black "Tsvetkov, Andrey"]
[WhiteFideId "13400061"]
[BlackFideId "34139360"]
[WhiteElo "2128"]
[BlackElo "2280"]
[Result "1-0"]
[Round "02"]
[TimeControl "180+1"]
[Date "2022.01.18"]
[WhiteClock "0:01:07"]
[BlackClock "0:00:38"]

1. e4 c5 2. Nf3 d6 3. d4 cxd4 4. Nxd4 Nf6 5. Nc3 a6 6. f4 e5 7. Nf3 Nbd7 8. Bd3 Be7 9. O-O Qc7 10. Kh1 b5 11. a3 Bb7 12. Nh4 g6 13. f5 O-O-O 14. Qe2 Nc5 15. Bg5 h6 16. Bd2 g5 17. Nf3 Rhe8 18. b4 Nxd3 19. cxd3 Kb8 20. a4 d5 21. axb5 d4 22. Na4 axb5 23. Rfc1 Qd6 24. Nc5 Rc8 25. Be1 Nh5 26. Qa2 Rxc5 27. Qa7+ 1-0


[Site "https://www.chess.com"]

[Event "Titled Tuesday Blitz January 18 2022"]
[White "Hakobyan, Aram"]
[Black "Brodowski, Piotr"]
[WhiteFideId "13306677"]
[BlackFideId "1124480"]
[WhiteElo "3003"]
[BlackElo "2627"]
[Result "1-0"]
[Round "02"]
[TimeControl "180+1"]
[Date "2022.01.18"]
[WhiteClock "0:00:18"]
[BlackClock "0:00:03"]

1. d4 c5 2. d5 d6 3. Nc3 Nf6 4. e4 g6 5. Be2 Bg7 6. Nf3 O-O 7. O-O Na6 8. Re1 Nc7 9. h3 b6 10. a4 Bb7 11. Bc4 a6 12. Bf4 Re8 13. Qd2 e5 14. dxe6 Nxe6 15. Bxd6 Nd4 16. Bf4 Nh5 17. Bg5 Qc8 18. Nh2 h6 19. Bxh6 Bh8 20. Ng4 b5 21. Bd5 Bxd5 22. Nxd5 Qe6 23. axb5 axb5 24. Rxa8 Rxa8 25. Nc7 Qc6 26. Nxa8 Qxa8 27. c3 Ne6 28. Qd5 Qe8 29. Be3 c4 30. Rd1 Kh7 31. Qb7 Bg7 32. Rd7 Kg8 33. Qd5 b4 34. Ra7 Kh7 35. Ra8 Qe7 36. Qxc4 bxc3 37. bxc3 Nef4 38. Bxf4 Nxf4 39. Qc8 g5 40. Qg8+ Kg6 41. Ra6+ f6 42. Qc4 Qd7 43. Ne3 Qd2 44. Ra1 Ne2+ 45. Kh2 Nxc3 46. Rf1 Qd6+ 47. Kg1 Qe5 48. Ng4 Qa5 49. e5 f5 50. Qe6+ Kh7 51. Qxf5+ Kg8 52. Qxg5 Ne2+ 53. Kh2 Nd4 54. Rd1 Ne6 55. Qf5 Qa6 56. Rd6 Qf1 57. Qxe6+ Kh7 58. Qg6+ Kg8 59. Rd8# 1-0


[Site "https://www.chess.com"]

[Event "Titled Tuesday Blitz January 18 2022"]
[White "Hardaway, Brewington"]
[Black "FGHSMN"]
[WhiteFideId "30941849"]
[WhiteElo "1768"]
[BlackElo "2756"]
[Result "1-0"]
[Round "02"]
[TimeControl "180+1"]
[Date "2022.01.18"]
[WhiteClock "0:01:27"]
[BlackClock "0:00:11"]

1. e4 e5 2. Nf3 Nc6 3. Nc3 Nf6 4. Bb5 Nd4 5. Bc4 c6 6. Nxe5 d5 7. exd5 Bd6 8. Nf3 Bg4 9. Be2 Bxf3 10. Bxf3 Qe7+ 11. Kf1 O-O 12. d3 cxd5 13. Nxd5 Nxd5 14. Bxd5 Rad8 15. Be3 Be5 16. Bb3 Nf5 17. Qf3 Bxb2 18. Re1 Qf6 19. g4 Nxe3+ 20. Rxe3 Qg6 21. h4 Rd6 22. Qe4 Qh6 23. Qe7 Bd4 24. Qxf7+ Rxf7 25. Re8# 1-0


[Site "https://www.chess.com"]

[Event "Titled Tuesday Blitz January 18 2022"]
[White "Hasangatin, Ramil"]
[Black "Xiong, Jeffery"]
[WhiteFideId "4122160"]
[BlackFideId "2047640"]
[WhiteElo "2638"]
[BlackElo "3031"]
[Result "0-1"]
[Round "02"]
[TimeControl "180+1"]
[Date "2022.01.18"]
[WhiteClock "0:00:06"]
[BlackClock "0:00:14"]

1. e4 c6 2. Nf3 d5 3. d3 g6 4. Qe2 Bg7 5. g3 Bg4 6. Bg2 e6 7. Nbd2 Ne7 8. O-O O-O 9. c3 Nd7 10. d4 c5 11. h3 Bxf3 12. Nxf3 dxe4 13. Qxe4 Qb6 14. Rd1 Rfd8 15. Rb1 cxd4 16. Nxd4 Nc5 17. Qe2 e5 18. Nf3 Rxd1+ 19. Qxd1 Rd8 20. Qe2 Qa6 21. Qxa6 bxa6 22. Be3 Nd3 23. Bxa7 Nc6 24. Be3 e4 25. Nd2 f5 26. Nc4 Nce5 27. Nxe5 Bxe5 28. Bf1 Kf7 29. Bxd3 exd3 30. Kf1 Ke6 31. Ke1 Kd5 32. Kd2 Ke4 33. h4 Kf3 34. c4 Bd4 35. Bxd4 Rxd4 36. c5 Rc4 37. b4 Ke4 38. Rc1 Rxb4 39. c6 Rb2+ 40. Kc3 Rb8 41. c7 Rc8 42. Kd2 Kf3 43. Kxd3 Kxf2 44. Kd4 Kxg3 45. h5 f4 46. Ke5 f3 47. Kd6 f2 48. h6 g5 49. Kd7 Rg8 50. c8=Q Rxc8 51. Kxc8 g4 52. Kb7 Kg2 53. Kxa6 f1=Q+ 54. Rxf1 Kxf1 0-1


[Site "https://www.chess.com"]

[Event "Titled Tuesday Blitz January 18 2022"]
[White "Howell, David W L"]
[Black "Kovalev, Egor"]
[WhiteFideId "410608"]
[BlackFideId "24124117"]
[WhiteElo "3022"]
[BlackElo "2632"]
[Result "0-1"]
[Round "02"]
[TimeControl "180+1"]
[Date "2022.01.18"]
[WhiteClock "0:00:07"]
[BlackClock "0:00:18"]

1. e4 c5 2. Nf3 e6 3. d4 cxd4 4. Nxd4 Nf6 5. Nc3 d6 6. g4 h6 7. Rg1 Nc6 8. Be3 e5 9. Nb3 Be6 10. Be2 d5 11. exd5 Nxd5 12. Nxd5 Qxd5 13. Qxd5 Bxd5 14. O-O-O O-O-O 15. h4 Be7 16. h5 Bg5 17. c3 f6 18. Nd2 Kc7 19. b3 Rd7 20. Nf1 Rhd8 21. Bxg5 hxg5 22. Ne3 Be6 23. Bf3 Ne7 24. Rxd7+ Rxd7 25. Rd1 b6 26. Rxd7+ Kxd7 27. Kd2 Kd6 28. Be4 a5 29. f3 Kc5 30. Kc2 Bf7 31. a3 Be6 32. Kb2 Bf7 33. Kc2 Be6 34. b4+ Kd6 35. Kd3 Bf7 36. c4 axb4 37. axb4 Be6 38. Kc3 Bf7 39. Bf5 Be8 40. Be4 Bf7 41. Nf1 Be6 42. Ng3 Bf7 43. Bd3 Be6 44. Bc2 Bd7 45. Ne4+ Kc7 46. Bb3 Bc6 47. c5 Bxe4 48. fxe4 bxc5 49. bxc5 Nc6 50. Kc4 Nd4 51. Bd1 Ne6 52. Ba4 Nf4 53. Bd1 Kc6 54. Ba4+ Kc7 55. Be8 Nh3 56. Bg6 Nf2 57. Kd5 Nxg4 58. Ke6 Nh6 59. Bf5 g4 60. Bxg4 Nxg4 61. Kf7 f5 62. exf5 e4 63. Kxg7 e3 64. h6 Nxh6 65. Kxh6 e2 66. f6 e1=Q 67. f7 Qh4+ 68. Kg7 Qg5+ 69. Kh7 Qf5+ 70. Kg7 Qg5+ 71. Kh7 Qf6 72. Kg8 Qg6+ 73. Kf8 Kd7 74. c6+ Ke6 75. Ke8 Qxf7+ 76. Kd8 Kd6 0-1


[Site "https://www.chess.com"]

[Event "Titled Tuesday Blitz January 18 2022"]
[White "Indjic, Aleksandar"]
[Black "Baskin, Robert"]
[WhiteFideId "911925"]
[BlackFideId "24662402"]
[WhiteElo "2916"]
[BlackElo "2600"]
[Result "1-0"]
[Round "02"]
[TimeControl "180+1"]
[Date "2022.01.18"]
[WhiteClock "0:00:05"]
[BlackClock "0:00:05"]

1. e4 c5 2. Nc3 Nc6 3. g3 g6 4. d3 Bg7 5. Nh3 d6 6. f4 Rb8 7. Nf2 b5 8. Bg2 Bd7 9. O-O e6 10. g4 Nge7 11. Ne2 O-O 12. g5 e5 13. Rb1 f6 14. h4 fxg5 15. fxg5 Be6 16. Ng3 Qd7 17. Be3 Rf7 18. a3 Rbf8 19. c3 c4 20. Kh2 a6 21. Qd2 Rf4 22. Bxf4 exf4 23. Ngh1 f3 24. Bh3 Be5+ 25. Ng3 Rf4 26. d4 Rxh4 27. dxe5 Bxh3 28. Rfd1 d5 29. Kg1 Nxe5 30. exd5 Nf5 31. Nge4 Qa7 32. d6 Bg2 33. Qd5+ Kf8 34. Nc5 Ne3 35. Qxe5 Qf7 36. Qf6 Qxf6 37. gxf6 Nf5 38. d7 Ng3 39. d8=Q+ Kf7 40. Rd7# 1-0


[Site "https://www.chess.com"]

[Event "Titled Tuesday Blitz January 18 2022"]
[White "Isanzhulov, Arystan"]
[Black "Koziorowicz, Michal"]
[WhiteFideId "13711644"]
[BlackFideId "21809194"]
[WhiteElo "2278"]
[BlackElo "2166"]
[Result "0-1"]
[Round "02"]
[TimeControl "180+1"]
[Date "2022.01.18"]
[WhiteClock "0:00:01"]
[BlackClock "0:00:26"]

1. c4 g6 2. e4 c5 3. Nc3 Bg7 4. d3 Nc6 5. Nge2 e6 6. g3 Nge7 7. Bg2 O-O 8. O-O a6 9. h3 Rb8 10. g4 b5 11. f4 f5 12. Be3 d6 13. Qd2 Kh8 14. Rad1 Nd4 15. e5 dxe5 16. fxe5 Bxe5 17. Nf4 g5 18. Nh5 f4 19. Bf2 f3 20. Bh1 Ng6 21. Rfe1 Bb7 22. Ne4 Bf4 23. Nxf4 Nxf4 24. Nxc5 Nxh3+ 25. Kf1 Nxf2 26. Qxf2 Rf4 27. Nxb7 Rxb7 28. Re4 Rxe4 29. dxe4 e5 30. c5 Qf6 31. Qe3 Qh6 0-1


[Site "https://www.chess.com"]